 Dungeon Crawl Stone Soup version 0.16-a0-328-gfd822c7 (webtiles) character file.

47502 PolkaDot the Summoner (level 14, -3/98 HPs)
             Began as a Vampire Summoner on Sept 6, 2014.
             Was the Champion of Sif Muna.
             Killed from afar by a fire dragon (17 damage)
             ... with a blast of flame
             ... on Level 15 of the Dungeon.
             The game lasted 02:52:19 (25342 turns).

PolkaDot the Summoner (Vampire Summoner)           Turns: 25342, Time: 02:52:19

HP  -3/98        AC 21     Str  9      XL: 14   Next:  8%
MP  27/32        EV 15     Int 23      God: Sif Muna [******]
Gold 1584        SH  4     Dex 14      Spells:  5 memorised,  0 levels left

rFire  + . .     SeeInvis +     q - +8 lance "Wyrmbane" {slay drac, +Rage rPois rF+ AC+5}
rCold  + . .     Clarity  .     H - +3 troll leather armour
rNeg   + + +     rCorr    .     Z - +1 buckler {AC+3}
rPois  +         rRot     +     e - +2 helmet
rElec  .         Spirit   .     d - +2 cloak
SustAb .         Warding  .     (no gloves)
rMut   .         Stasis   .     (no boots)
Gourm  .                        s - amulet of faith
MR     +....                    T - ring of magical power
                                I - ring "Pnacur" {rN+ Str+2 Int+2}

@: regenerating slowly, studying Staves, somewhat resistant to hostile
enchantments, unstealthy
A: bottle blood, fangs 3, see invisible, spit poison 1, unbreathing
a: Spit Poison, Bat Form, Bottle Blood, Channel Energy, Forget Spell, Renounce
Religion, Evoke Berserk Rage


You were on level 15 of the Dungeon.
You worshipped Sif Muna.
Sif Muna was exalted by your worship.
You were very thirsty.

You visited 3 branches of the dungeon, and saw 24 of its levels.
You also visited: Sewer and Ossuary.

You collected 1973 gold pieces.
You spent 389 gold pieces at shops.

Inventory:

Hand weapons
 q - the +8 lance "Wyrmbane" (weapon) {slay drac, +Rage rPois rF+ AC+5}
   (You found it on level 4 of the Dungeon)

   It affects your AC (+5).
   It protects you from fire.
   It protects you from poison.
   It lets you go berserk.
Armour
 d - a +2 cloak (worn)
 e - a +2 helmet (worn)
 H - a +3 troll leather armour (worn)
 Z - a +1 buckler of protection (worn)
Magical devices
 c - a wand of cold (7)
 h - a wand of cold (3)
Scrolls
 i - 4 scrolls of amnesia
 j - 3 scrolls of immolation
 l - 10 scrolls of remove curse
 r - 3 scrolls of magic mapping
 u - 3 scrolls of teleportation
 y - 7 scrolls of recharging
 z - 2 scrolls of noise
 L - 2 scrolls of silence
Jewellery
 s - an amulet of faith (around neck)
 I - the ring "Pnacur" (left hand) {rN+ Str+2 Int+2}
   (You bought it in a shop on level 4 of the Dungeon)

   [ring of positive energy]

   It affects your strength (+2).
   It affects your intelligence (+2).
   It protects you from negative energy.
 M - an uncursed amulet of resist mutation
 T - a ring of magical power (right hand)
Potions
 b - a potion of cure mutation {!q}
 k - a potion of flight
 n - 5 potions of brilliance
 o - 7 potions of restore abilities
 t - 7 potions of haste
 v - 2 potions of magic
 x - 2 potions of cancellation
 E - 2 potions of might
 S - a potion of resistance
Books
 a - a Necronomicon {highlevel, unknown}

   This book is beyond your current level of understanding.

   Spells                             Type                      Level
   Haunt                              Necromancy/Summoning         7
   Borgnjor's Revivification          Necromancy                   8
   Death's Door                       Charms/Necromancy            8
   Necromutation                      Transmutation/Necromancy     8
 m - a book of Enchantments

   Spells                             Type                      Level
   Tukima's Dance                     Hexes                        3
   Cause Fear                         Hexes                        4
   Silence                            Hexes/Air                    5
   Deflect Missiles                   Charms/Air                   6
   Haste                              Charms                       6
   Discord                            Hexes                        8
 p - a manual of Staves
 K - Scho Pru's Guide on the Creative Frostbite {god gift}
   (Sif Muna gifted it to you on level 2 of the Lair of Beasts)

   Spells                             Type                      Level
   Freeze                             Ice                          1
   Summon Butterflies                 Summoning                    1
   Ozocubu's Armour                   Charms/Ice                   3
   Ice Form                           Ice/Transmutation            4
   *Summon Demon                      Summoning                    5
   Ozocubu's Refrigeration            Ice                          6
 U - Sif Muna's Reference Book on Creation and Lightness {god gift}
   (Sif Muna gifted it to you on level 5 of the Lair of Beasts)

   Spells                             Type                      Level
   Summon Butterflies                 Summoning                    1
   Summon Small Mammal                Summoning                    1
   Flight                             Charms/Air                   3
   Abjuration                         Summoning                    3
   *Summon Lightning Spire            Summoning/Air                4
   Summon Horrible Things             Summoning                    8


   Skills:
 - Level 5.3 Fighting
   Level 1.6 Maces & Flails
 - Level 3.2 Polearms
 - Level 10.2 Dodging
 - Level 3.0 Stealth
 - Level 3.5 Spellcasting
 - Level 10.4 Hexes
 * Level 13.1 Summonings
 - Level 11.2 Ice Magic
 - Level 10.1 Air Magic
 - Level 5.0 Invocations


You couldn't memorise any spells.
You knew the following spells:

 Your Spells              Type           Power        Failure   Level  Hunger
a - Call Canine Familiar  Summ           ######..     1%          3    ###....
d - Summon Demon          Summ           ######....   3%          5    #####..
g - Summon Guardian Gole  Hex/Summ       ######..     1%          4    ####...
i - Summon Ice Beast      Ice/Summ       ######..     1%          4    ####...
s - Summon Lightning Spi  Summ/Air       ######..     1%          4    ####...


Dungeon Overview and Level Annotations

Branches:
Dungeon (15/15)            Temple (1/1) D:6             Orc (0/4) D:10
   Lair (8/8) D:10         Shoals (0/5) Lair:5       Spider (0/5) Lair:3
  Slime (0/6) Lair:7       Vaults (0/5) D:13
 Depths: D:15

Altars:
Ashenzari
Cheibriados
Dithmenos
Elyvilon
Fedhas
Gozag
Kikubaaqudgha
Makhleb
Nemelex Xobeh
Okawaru
Qazlal
Sif Muna
Trog
Vehumet
Xom
Yredelemnul
Zin
The Shining One
Jiyva

Shops:
D:4 =[   D:6 (   D:11 =   D:12 (

Annotations:
D:2 exclusion: oklob plant
D:15 Josephine


Innate Abilities, Weirdness & Mutations

You heal slowly.
You can bottle blood from corpses.
You have razor-sharp teeth.
You have supernaturally acute eyesight.
You can survive without breathing.
You can spit poison.


Message History

You closely miss the fire dragon.
The fire dragon is severely wounded.
Your ice beast hits the fire dragon but does no damage.
The fire dragon closely misses you.
The fire dragon claws you but does no damage.
The fire dragon tramples you!
* * * LOW HITPOINT WARNING * * *
You hold your ground!
Read which item? (? for menu, Esc to quit)
Okay, then.
Evoke which item? (* to show all) (? for menu, Esc to quit)
Zapping:
c - a wand of cold
Press: ? - help, Shift-Dir - straight line, f - fire dragon
Aim: a fire dragon (severely wounded, catching its breath)
The bolt of cold hits the fire dragon.
The fire dragon is frozen!
The fire dragon is almost dead.
Your ice beast barely misses the fire dragon.
The fire dragon breathes flames at you. The blast of flame hits you!
You resist.
You die...

# #.# ...# # .?.#. .#
#...#..######### ..#
#.#....@......###..#
..#......DY..)......#
#.#...###...##.....#
...#.#...#.#.......#
....#.....#........#
..#.#...#.#.D.....#
#...###...##........
... .......##......
.. ....... .....


You could see a fire dragon, a wyvern and a friendly ice beast.

Vanquished Creatures
  Nessos (D:12)
  A hydra (D:12)
  A centaur warrior (D:14)
  3 unseen horrors
  A wizard (D:15)
  A hill giant (D:12)
  A necromancer (Lair:5)
  2 cyclopes
  A black mamba (Lair:5)
  An elephant (Lair:8)
  A spiny frog (Lair:8)
  3 fire drakes
  4 polar bears
  2 trolls
  A komodo dragon (Lair:8)
  A freezing wraith (D:13)
  A boulder beetle (Lair:5)
  A slime creature (D:13)
  2 blink frogs (Lair:1)
  A deep elf mage (D:10)
  4 basilisks
  13 yaks
  A vampire mosquito (D:13)
  4 wyverns
  2 hungry ghosts
  2 hogs (Lair:8)
  4 wolves (Lair:8)
  A soldier ant (D:11)
  7 hippogriffs
  5 porcupines
  An orc warrior (D:12)
  5 water moccasins
  2 phantoms
  A black bear (D:13)
  2 ogres
  3 ice beasts
  A manticore zombie (D:12)
  13 crocodiles
  5 boggarts (D:14)
  2 big kobolds
  6 centaurs
  A gnoll sergeant (D:12)
  2 cyclops zombies
  14 giant frogs
  3 scorpions
  A killer bee (D:7)
  A yak zombie (D:7)
  A hippogriff skeleton (D:5)
  4 crimson imps
  A basilisk zombie (Lair:5)
  A wight (D:13)
  5 jellies
  3 electric eels
  A giant frog skeleton (D:9)
  A basilisk skeleton (D:13)
  2 centaur skeletons
  4 iguanas
  6 orc wizards
  A soldier ant zombie (D:12)
  16 hounds
  A quasit (D:12)
  2 orc priests
  A sheep (Lair:6)
  A statue (D:7)
  6 worker ants
  An ogre zombie (D:10)
  A hound skeleton (D:8)
  2 mummies (Ossuary)
  36 green rats
  17 adders
  3 gnolls (D:12)
  An inept feature mimic (D:7)
  A giant mite (D:4)
  5 worms
  An iguana zombie (D:7)
  5 orc zombies
  4 giant geckos
  36 orcs
  4 ball pythons
  10 giant cockroaches
  6 goblins
  14 hobgoblins
  17 jackals
  15 quokkas
  11 bats
  15 giant newts
  A giant newt skeleton (D:5)
  A giant spore (D:6)
  2 hobgoblin skeletons (D:10)
  2 jackal skeletons (D:6)
  19 kobolds
  2 orc skeletons
  15 rats
  A rat skeleton (D:5)
  2 ballistomycetes (D:6)
  A plant (Lair:8)
444 creatures vanquished.

Vanquished Creatures (collateral kills)
  A frost giant (D:14)
  Harold (Lair:1)
  A centaur warrior (D:13)
  4 hydras
  A tengu warrior (D:13)
  5 death yaks (Lair:5)
  Nergalle (Lair:3)
  An unseen horror (D:13)
  A skeletal warrior (D:13)
  A flayed ghost (D:14)
  An orb spider (Lair:3)
  4 hill giants
  An orc knight (D:13)
  A griffon (Lair:7)
  2 elephants (Lair:8)
  An ugly thing (D:12)
  2 manticores
  A cyclops (D:7)
  A torpor snail (Lair:6)
  5 black mambas
  2 gargoyles
  5 komodo dragons
  A fire drake (Lair:4)
  A tengu conjurer (D:13)
  8 spiny frogs
  Sonja (D:10)
  7 polar bears
  3 trolls
  3 blink frogs (Lair:1)
  A hydra skeleton (D:13)
  3 ravens (D:13)
  A wyvern (D:11)
  4 basilisks
  38 yaks
  A trapdoor spider (D:14)
  A wraith (D:12)
  A hill giant zombie (D:13)
  A human (D:8)
  3 deep elf magi
  11 hippogriffs
  8 hogs
  5 wargs (Lair:8)
  13 wolves
  3 soldier ants
  8 orc warriors
  8 water moccasins
  A mottled dragon (D:11)
  4 hell hounds (Lair:8)
  6 black bears (Lair:8)
  A phantom (D:10)
  3 porcupines
  3 sky beasts
  16 ice beasts
  3 ogres
  10 centaurs
  6 crocodiles
  A komodo dragon zombie (Lair:5)
  A big kobold (D:8)
  3 giant frogs
  A scorpion (D:6)
  11 killer bees
  5 electric eels
  7 wights (D:13)
  A goliath beetle (D:6)
  2 crimson imps (D:9)
  7 hounds
  A jelly (D:9)
  A centaur zombie (D:9)
  A gnoll shaman (D:9)
  4 orc priests
  A quasit (D:5)
  5 orc wizards
  5 worker ants
  13 sheep
  6 ogre zombies (D:10)
  6 mummies (Ossuary)
  7 adders
  8 gnolls
  16 green rats
  A shadow imp (D:13)
  2 worms
  A giant gecko (D:11)
  36 orcs
  2 gnoll zombies (Ossuary)
  A goblin (D:1)
  8 hobgoblins
  2 bats
  3 giant newts
  2 goblin skeletons (D:10)
  3 goblin zombies (D:10)
  2 hobgoblin skeletons (D:10)
  3 hobgoblin zombies (Ossuary)
  6 jackals
  8 kobolds
  A kobold zombie (Ossuary)
  An orc skeleton (D:10)
  11 orc zombies
  2 rats
  3 spectral orcs (Lair:3)
  A fungus (Lair:8)
  2 plants
444 creatures vanquished.

Vanquished Creatures (others)
  A deep elf knight (D:13)
  An ice devil (D:14)
  An ice statue (D:12)
  A komodo dragon (D:13)
  A red devil (D:15)
  2 blue devils (D:14)
  23 guardian golems
  27 wolves
  2 neqoxecs (D:15)
  3 wargs
  2 chaos spawn (D:14)
  65 ice beasts
  An orc warrior (D:10)
  A crocodile (D:10)
  7 lightning spires
  A wight (D:13)
  3 crimson imps (D:3)
  An elf skeleton (D:13)
  6 hounds
  A basilisk skeleton (D:13)
  An ogre zombie (D:10)
  A shadow imp (D:3)
  3 orc skeletons
  2 orc zombies (D:10)
  A rat (D:1)
  4 plants (Lair:8)
162 creatures vanquished.

Grand Total: 1050 creatures vanquished

Notes
Turn   | Place    | Note
--------------------------------------------------------------
     0 | D:1      | PolkaDot, the Vampire Summoner, began the quest for the Orb.
     0 | D:1      | Reached XP level 1. HP: 13/13 MP: 3/3
    14 | D:1      | Found a sparkling altar of Nemelex Xobeh.
   160 | D:1      | Reached XP level 2. HP: 13/19 MP: 4/4
   301 | D:1      | Learned a level 2 spell: Call Imp
   499 | D:1      | Gained mutation: You can spit poison. [potion of beneficial mutation]
   715 | D:2      | Found a blossoming altar of Fedhas.
   726 | D:2      | Noticed an oklob plant
  1000 | D:2      | Reached skill level 5 in Summonings
  1000 | D:2      | Reached XP level 3. HP: 12/24 MP: 1/6
  1157 | D:2      | Found a bloodstained altar of Trog.
  1157 | D:2      | Found a white marble altar of Elyvilon.
  1430 | D:2      | Found an opulent altar of Gozag.
  1880 | D:3      | Learned a level 3 spell: Call Canine Familiar
  1911 | D:3      | Reached XP level 4. HP: 16/30 MP: 2/7
  1938 | D:3      | Reached skill level 6 in Summonings
  2118 | D:3      | Found a snail-covered altar of Cheibriados.
  2719 | D:3      | Reached XP level 5. HP: 35/35 MP: 9/9
  2793 | D:4      | Noticed an ogre
  2805 | D:4      | Killed an ogre
  2837 | D:4      | Found Chaok's Armour Boutique.
  2896 | D:4      | Found a shadowy altar of Dithmenos.
  2929 | D:4      | Found Kexan's Jewellery Shoppe.
  2944 | D:4      | Reached skill level 7 in Summonings
  3282 | D:4      | Reached XP level 6. HP: 41/41 MP: 6/10
  3287 | D:4      | Found a glowing drain.
  3291 | Sewer    | Entered a sewer
  4236 | D:4      | Learned a level 4 spell: Summon Ice Beast
  4250 | D:5      | Entered Level 5 of the Dungeon
  4296 | D:5      | Reached skill level 8 in Summonings
  4369 | D:5      | Reached XP level 7. HP: 32/46 MP: 8/12
  4401 | D:5      | Found an ancient bone altar of Kikubaaqudgha.
  4710 | D:5      | Reached skill level 9 in Summonings
  4936 | D:6      | Found Xass' Weapon Shoppe.
  5106 | D:6      | Reached skill level 10 in Summonings
  5189 | D:6      | Reached XP level 8. HP: 44/52 MP: 7/13
  6002 | D:6      | Found a staircase to the Ecumenical Temple.
  6011 | Temple   | Entered the Ecumenical Temple
  6235 | Temple   | Became a worshipper of Sif Muna the Loreminder
  6341 | D:7      | Reached skill level 1 in Ice Magic
  6350 | D:7      | Reached skill level 1 in Invocations
  6582 | D:7      | Acquired Sif Muna's first power
  6773 | D:7      | Found a staircase to the Ecumenical Temple.
  6795 | D:7      | the staircase to the Ecumenical Temple was a mimic.
  6863 | D:7      | Learned a level 4 spell: Summon Guardian Golem
  6900 | D:7      | Noticed a cyclops
  6940 | D:7      | Killed a cyclops
  7028 | D:7      | Found a radiant altar of Vehumet.
  7306 | D:8      | Reached XP level 9. HP: 47/57 MP: 18/18
  7389 | D:8      | Found a sand-covered staircase.
  7393 | Ossuary  | Entered an ossuary
  7744 | D:8      | Learned a level 4 spell: Summon Lightning Spire
  7764 | D:8      | Reached skill level 5 in Ice Magic
  7988 | D:8      | Acquired Sif Muna's second power
  9058 | D:10     | Entered Level 10 of the Dungeon
  9096 | D:10     | Noticed a gargoyle
  9107 | D:10     | Killed a gargoyle
  9232 | D:10     | Reached skill level 5 in Invocations
  9232 | D:10     | Reached XP level 10. HP: 51/63 MP: 19/19
  9427 | D:10     | Found a staircase to the Lair.
  9458 | D:10     | Noticed Sonja
  9528 | D:10     | Killed Sonja
  9528 | D:10     | Acquired Sif Muna's third power
  9535 | D:10     | Found a staircase to the Orcish Mines.
 10420 | Lair:1   | Entered Level 1 of the Lair of Beasts
 10885 | Lair:1   | Reached skill level 5 in Dodging
 10894 | Lair:1   | Reached skill level 10 in Ice Magic
 11257 | Lair:1   | Noticed Harold
 11265 | Lair:1   | Killed Harold
 11281 | Lair:1   | Reached XP level 11. HP: 68/68 MP: 6/20
 11575 | D:4      | Bought the ring "Pnacur" {rN+ Str+2 Int+2} for 389 gold pieces
 12097 | Lair:2   | Reached skill level 11 in Ice Magic
 12454 | Lair:2   | Reached skill level 1 in Air Magic
 12833 | Lair:2   | Received a gift from Sif Muna
 12834 | Lair:2   | Identified Scho Pru's Guide on the Creative Frostbite {god gift} (Sif Muna gifted it to you on level 2 of the Lair of Beasts)
 13006 | Lair:3   | Found a hole to the Spider Nest.
 13006 | Lair:3   | Noticed an orb spider
 13015 | Lair:3   | Killed an orb spider
 13059 | Lair:3   | Noticed a six-headed hydra
 13063 | Lair:3   | Killed a six-headed hydra
 13153 | Lair:3   | Noticed Nergalle
 13164 | Lair:3   | Killed Nergalle
 13370 | Lair:3   | Reached skill level 5 in Air Magic
 15198 | Lair:5   | Found a staircase to the Shoals.
 15256 | Lair:5   | Reached XP level 12. HP: 70/74 MP: 21/21
 15540 | Lair:5   | Noticed a necromancer
 15564 | Lair:5   | Killed a necromancer
 15670 | Lair:5   | Noticed a five-headed hydra
 15675 | Lair:5   | Killed a five-headed hydra
 15675 | Lair:5   | Received a gift from Sif Muna
 15676 | Lair:5   | Identified Sif Muna's Reference Book on Creation and Lightness {god gift} (Sif Muna gifted it to you on level 5 of the Lair of Beasts)
 16169 | Lair:6   | Reached skill level 10 in Dodging
 16755 | Lair:7   | Found a staircase to the Slime Pits.
 16940 | Lair:7   | Reached skill level 1 in Fighting
 16942 | Lair:7   | Reached skill level 10 in Air Magic
 16944 | Lair:7   | Found a viscous altar of Jiyva.
 17153 | Lair:7   | Identified a +0 rod of shadows (10/10) (You found it on level 7 of the Lair of Beasts)
 17715 | Lair:8   | Entered Level 8 of the Lair of Beasts
 17901 | Lair:8   | Received a gift from Sif Muna
 18033 | Lair:8   | Reached skill level 1 in Hexes
 18568 | Lair:8   | Reached XP level 13. HP: 86/86 MP: 15/22
 18589 | Lair:8   | Reached skill level 5 in Hexes
 20028 | D:11     | Found Thiececw's Jewellery Shoppe.
 20533 | D:12     | Received a gift from Sif Muna
 20534 | D:12     | Identified Sif Muna's Reference Book on Aerial Snow {god gift} (Sif Muna gifted it to you on level 12 of the Dungeon)
 20638 | D:12     | Reached skill level 5 in Fighting
 20659 | D:12     | Noticed Nessos
 20680 | D:12     | Killed Nessos
 20778 | D:12     | Reached skill level 10 in Hexes
 20997 | D:12     | Found Traewn's Weapon Emporium.
 21574 | D:13     | Reached skill level 1 in Maces & Flails
 21893 | D:13     | Found a basalt altar of Yredelemnul.
 22174 | D:13     | Reached skill level 1 in Polearms
 22414 | D:13     | Reached skill level 12 in Summonings
 22747 | D:13     | Found a gate to the Vaults.
 24257 | D:14     | Noticed a war gargoyle
 24258 | D:14     | Noticed a frost giant
 24392 | D:14     | Reached XP level 14. HP: 72/98 MP: 23/23
 24398 | D:14     | Received a gift from Sif Muna
 24399 | D:14     | Identified Thoam's Handbook of Bewitchment {god gift} (Sif Muna gifted it to you on level 14 of the Dungeon)
 24420 | D:14     | Learned a level 5 spell: Summon Demon
 24726 | D:14     | Killed a frost giant
 24742 | D:14     | HP: 2/98 [war gargoyle/spray of metal splinters (41)]
 25086 | D:15     | Entered Level 15 of the Dungeon
 25086 | D:15     | Noticed Josephine
 25122 | D:15     | Reached skill level 13 in Summonings
 25342 | D:15     | Killed from afar by a fire dragon

Action                   |  1- 3 |  4- 6 |  7- 9 | 10-12 | 13-15 || total
-------------------------+-------+-------+-------+-------+-------++-------
Melee: Unarmed           |   201 |    35 |       |       |       ||   236
       Short sword       |       |    63 |       |       |       ||    63
       Lance             |       |   125 |   348 |   968 |   594 ||  2035
Throw: Stone             |     2 |    12 |       |       |       ||    14
 Cast: Summon Small Mamm |     5 |       |       |       |       ||     5
       Call Imp          |    18 |     5 |     2 |       |       ||    25
       Call Canine Famil |     1 |     6 |    14 |    28 |    24 ||    73
       Summon Ice Beast  |       |       |    41 |   158 |   141 ||   340
       Summon Guardian G |       |       |     1 |    24 |    36 ||    61
       Summon Lightning  |       |       |       |    17 |    23 ||    40
       Summon Demon      |       |       |       |       |    13 ||    13
Invok: Channel Energy    |       |       |    17 |   182 |   191 ||   390
 Abil: Spit Poison       |    15 |    11 |       |       |     1 ||    27
       Bottle Blood      |       |     6 |     1 |       |       ||     7
Evoke: Wand              |       |       |       |       |    10 ||    10
  Use: Potion            |     4 |     6 |     6 |    12 |     8 ||    36
       Scroll            |     5 |    11 |     7 |     8 |    18 ||    49
 Stab: Sleeping          |       |     8 |    15 |    20 |     3 ||    46
       Distracted        |       |       |     2 |     6 |     5 ||    13
       Invisible         |       |       |       |     1 |     1 ||     2
  Eat: Corpse            |    17 |    13 |    37 |   120 |    62 ||   249
